 Dungeon Crawl Stone Soup version 0.28.0-1-gb440e238dd (webtiles) character file.

Game seed: 760184555293459058

9 Snicker the Sneak (level 2, -7/24 HPs)
             Began as a Demonspawn Delver on Feb 22, 2022.
             Mangled by a mummy (8 damage)
             ... in an ossuary.
             The game lasted 00:01:43 (323 turns).

Snicker the Sneak (Demonspawn Delver)                Turns: 323, Time: 00:01:43

Health: -7/24      AC:  3    Str: 12    XL:     2   Next: 6%
Magic:  2/2        EV: 11    Int: 11    God:
Gold:   12         SH:  0    Dex: 14    Spells: 1/1 levels left

rFire   . . .      SeeInvis .   a - +0 short sword
rCold   . . .      Faith    .   (no shield)
rNeg    . . .      Spirit   .   b - +0 leather armour
rPois   .          Reflect  .   (no helmet)
rElec   .          Harm     .   (no cloak)
rCorr   .          Rampage  .   (no gloves)
Will    .....                   (no boots)
Stlth   +++.......              (no amulet)
HPRegen 0.08/turn               (no ring)
MPRegen 0.16/turn               (no ring)

@: attractive, invisible
A: magic regeneration
a: no special abilities


You were in an ossuary.
You visited 1 branch of the dungeon, and saw 3 of its levels.
You also visited: Ossuary.

You collected 12 gold pieces.

Inventory:

Hand Weapons
 a - a +0 short sword (weapon)
Armour
 b - a +0 leather armour (worn)
Wands
 g - a wand of digging (3)
Scrolls
 c - a scroll of fog
 d - a scroll of magic mapping
 e - a scroll of fear
 h - a scroll of blinking {unknown}
 i - a scroll of identify {unknown}
Potions
 j - 2 potions of attraction


   Skills:
 + Level 3.0 Fighting
 * Level 1.9 Short Blades
 + Level 0.2 Armour
 + Level 1.7 Dodging
 * Level 4.8 Stealth


You had one spell level left.
You didn't know any spells.
Your spell library was empty.

Dungeon Overview and Level Annotations

Branches:
Dungeon (6/15)             Temple (0/1) D:5         Ossuary (1/1)

Altars:


Innate Abilities, Weirdness & Mutations

You regenerate magic rapidly.


Message History

The jackal zombie is heavily damaged.
You hit the jackal zombie.
You destroy the jackal zombie!
The rat zombie bites you.
* * * LOW HITPOINT WARNING * * *
You hit the mummy.
The mummy is lightly damaged.
Unknown command.
You hit the mummy.
The mummy is moderately damaged.
Your extra speed is starting to run out.
The rat zombie closely misses you. The mummy barely misses you.
Unknown command.
You strike the helpless mummy from behind!
You hit the mummy.
The mummy is heavily damaged.
You hit the mummy but do no damage.
The mummy is heavily damaged.
The rat zombie barely misses you.
You hit the mummy but do no damage.
The mummy is heavily damaged.
The rat zombie bites you but does no damage.
The mummy is attracted toward you.
You hit the mummy but do no damage.
The mummy is heavily damaged.
You hit the mummy.
The mummy is severely damaged.
The rat zombie bites you but does no damage.
You hit the mummy but do no damage.
The mummy is severely damaged.
The mummy closely misses you.
You hit the mummy.
The mummy is almost destroyed.
You feel yourself slow down. The rat zombie bites you.
* * * LOW HITPOINT WARNING * * *
You barely miss the mummy.
The mummy is almost destroyed.
The mummy hits you!
You die...

..............#..#
.................#
......Z..........#
..........##.....#
..........##.....#
.................#
.................#
#####........Z#M##
............ZZ#.@#
..∩.........ZZ#.Z#
##################


You could see a mummy, an adder zombie, 2 rat zombies, 2 gnoll zombies and an
orc zombie.

Vanquished Creatures
  A worm zombie (D:4)
  2 ball pythons (D:4)
  4 jackal zombies
  A rat zombie (Ossuary)
8 creatures vanquished.

Vanquished Creatures (others)
  4 fungi (D:5)
4 creatures vanquished.

Grand Total: 12 creatures vanquished

Notes
Turn   | Place    | Note
-------+----------+-------------------------------------------
     0 | D:5      | Snicker the Demonspawn Delver began the quest for the Orb.
     0 | D:5      | Reached XP level 1. HP: 18/18 MP: 1/1
     6 | D:6      | Noticed a necrophage
    19 | D:5      | Found a staircase to the Ecumenical Temple.
    23 | D:5      | Noticed a scorpion
    97 | D:4      | Found a sand-covered staircase.
   270 | Ossuary  | Entered an ossuary
   307 | Ossuary  | Gained mutation: You regenerate magic rapidly. [demonic
                  | ancestry]
   307 | Ossuary  | Reached XP level 2. HP: 3/24 MP: 2/2
   322 | Ossuary  | HP: 1/24 [rat zombie (1)]
   323 | Ossuary  | Mangled by a mummy

Illustrated notes

Levels and vault maps discovered:
D:4:      layout_basic, nicolae_ashenzari_skybound, enter_ossuary_3,
          st_stairs_10
D:5:      layout_loops_ring, minmay_temple_entry_statues, serial_aquarium,
          aquarium_bridge_island_large [aquarium_subvault_large_water,
          aquarium_subvault_bridge, aquarium_subvault_bridge,
          aquarium_subvault_wall, aquarium_subvault_bridge],
          aquarium_window_fake, aquarium_window_fake, aquarium_window_1,
          aquarium_window_fake, aquarium_view_2d, aquarium_view_2a,
          aquarium_balcony_3b, aquarium_pool_1
D:6:      wad_crossroads, layout_gridville, nicolae_ru_sacrificial_ziggurat,
          grunt_ministairs_6
Ossuary:  ossuary_minmay_tomb_2a

Action                   || total
-------------------------++-------
Melee: Short sword       ||    42
  Use: Potion            ||     4
 Stab: Invisible         ||     3
Armor: Leather armour    ||    12
Dodge: Dodged            ||    27
